Map: Cactus Valley LE (Void)

Players

Bop - Winner!

  • Race: Protoss Protoss

PackedCrack

  • Race: Zerg Zerg

VOD

Have the link to the VOD?

Description

Time

  • Played on: May 3, 2015, 3:57 a.m.
  • Length: 6:45
Show
View Real Time Build Order
Export as new Build Order

Bop Protoss - Winner!

Build Orders: Nexus First 

Get SALT Encoding   

  12  0:01  Probe  
  13  0:13  Probe  
  14  0:41  Nexus  
  14  0:51  Pylon  
  14  1:10  Gateway  
  14  1:17  Probe (Chrono Boost)  
  15  1:27  Probe (Chrono Boost)  
  15  1:32  Assimilator  
  16  1:34  Probe (Chrono Boost)  
  17  1:46  Probe (Chrono Boost)  
  18  1:52  Pylon  
  19  1:54  Probe (Chrono Boost)  
  19  1:59  Cybernetics Core  
  19  2:07  Gateway  
  19  2:10  Probe x2 (Chrono Boost)  
  21  2:21  Probe x2 (Chrono Boost)  
  23  2:28  Probe x2 (Chrono Boost)  
  25  2:35  Adept (Chrono Boost)  
  27  2:39  Probe x2 (Chrono Boost)  
  29  2:44  Pylon  
  30  2:51  Probe (Chrono Boost)  
  30  2:52  Warp Gate (Chrono Boost)  
  30  2:57  Probe (Chrono Boost)  
  31  3:01  Probe (Chrono Boost)  
  31  3:03  Adept (Chrono Boost)  
  36  3:06  Adept (Chrono Boost)  
  36  3:17  Gateway  
  36  3:18  Gateway  
  36  3:20  Probe x2  
  38  3:32  Probe  
  38  3:33  Probe  
  40  3:38  Pylon  
  38  4:09  Gateway x2  
  38  4:10  Pylon  
  38  4:11  Gateway  
  38  4:15  Adept x2 (Chrono Boost)  
  37  4:24  Gateway, Pylon  
  37  4:27  Gateway  
  37  4:46  Adept x4  
  45  4:58  Pylon  
  45  5:01  Adept  
  45  5:02  Adept  
  49  5:09  Probe  
  50  5:19  Pylon  
  50  5:20  Adept x3, Pylon  
  50  5:21  Probe, Adept x3, Pylon  
  63  5:25  Pylon  
  63  5:29  Pylon  
  60  5:49  Adept x2  
  64  5:50  Adept x4  
  64  5:51  Zealot x2  
  70  6:05  Probe (Chrono Boost)  
  70  6:06  Probe (Chrono Boost)  
  70  6:08  Assimilator  
  70  6:09  Assimilator  
  72  6:15  Probe x2 (Chrono Boost)  
  72  6:16  Adept x3  
  72  6:17  Zealot x2  
  80  6:22  Probe x2 (Chrono Boost)  
  80  6:28  Adept  
  80  6:29  Zealot  
  80  6:32  Probe (Chrono Boost)  
  85  6:40  Adept x3  
Show
View Real Time Build Order
Export as new Build Order

PackedCrack Zerg 

Build Orders: 3 Hatch before Pool 

Get SALT Encoding   

  12  0:00  Drone  
  13  0:08  Drone  
  14  0:17  Overlord  
  14  0:27  Extractor  
  13  0:28  Drone  
  13  0:29  Drone, Extractor  
  16  0:36  Drone  
  17  0:44  Drone  
  18  0:57  Hatchery  
  18  1:00  Drone  
  18  1:21  Hatchery  
  18  1:24  Drone  
  18  1:27  Extractor  
  18  1:29  Drone  
  18  1:43  Spawning Pool  
  18  1:45  Drone  
  18  1:49  Drone  
  18  1:52  Drone  
  20  2:00  Drone  
  21  2:15  Drone  
  22  2:16  Drone  
  23  2:30  Metabolic Boost, Queen x2  
  23  2:34  Drone  
  28  2:38  Overlord  
  28  2:42  Drone  
  28  2:43  Zergling x2  
  30  2:47  Drone  
  30  2:49  Drone  
  32  2:52  Drone  
  32  2:53  Drone  
  32  2:56  Drone  
  35  3:03  Queen  
  37  3:10  Overlord  
  37  3:13  Drone x2  
  37  3:18  Drone x2  
  37  3:19  Drone  
  42  3:27  Overlord  
  42  3:32  Extractor  
  40  3:35  Zergling x4  
  40  3:36  Zergling x4  
  40  3:39  Extractor  
  40  3:40  Zergling x10  
  47  3:54  Zergling x6  
  50  4:00  Drone x5  
  53  4:15  Drone x5  
  56  4:17  Evolution Chamber  
  56  4:18  Evolution Chamber  
  56  4:19  Overlord  
  54  4:24  Drone x3  
  57  4:34  Overlord  
  57  4:41  Drone x5  
  57  4:42  Drone x3  
  57  4:44  Drone  
  64  4:46  Drone  
  64  4:52  Lair  
  64  4:53  Drone x2  
  66  5:03  Zergling x2  
  66  5:04  Zergling x2  
  66  5:06  Overlord  
  66  5:13  Zergling x12  
  72  5:18  Overlord  
  72  5:19  Zergling x2  
  73  5:24  Overlord  
  73  5:26  Zergling x12  
  78  5:34  Zergling x10  
  78  5:35  Zergling x2  
  81  5:39  Zergling x2  
  81  5:40  Zergling x8  
  81  5:49  Zergling x2  
  81  5:50  Zergling x4  
  81  5:53  Zergling x2  
  81  5:54  Zergling x14  
  81  5:55  Zergling x2  
  80  6:00  Zergling x2  
  74  6:07  Zergling x6  
  71  6:15  Zergling x4  
  71  6:16  Zergling x8  
  33  6:26  Zergling x2  
  33  6:27  Zergling x2  
Tags
 
Add a new tag
Caveats
  • Supply blocks, unpowered buildings, or Contaminate may cause inaccurate times.
  • Supply counts are checked every 10 seconds.